 Dungeon Crawl Stone Soup version 0.31-a0-716-gc7603755dd (webtiles) character file.

Game seed: 3659841450789024245

4295 Ordine the Grappler (level 10, -8/68 HPs)
             Began as an Octopode Shapeshifter on Sept 9, 2023.
             Was a Believer of Dithmenos.
             Mangled by an emperor scorpion (10 damage)
             ... on level 8 of the Dungeon.
             The game lasted 00:13:50 (8213 turns).

Ordine the Grappler (Octopode Shapeshifter)         Turns: 8213, Time: 00:13:50

Health: -8/68      AC:  1    Str: 17    XL:     10   Next: 32%
Magic:  10/10      EV: 15    Int: 13    God:    Dithmenos [**....]
Gold:   334        SH:  0    Dex: 12    Spells: 9/9 levels left

rFire   . .          .
                       - Unarmed
rCold   . . .        (no shield)
rNeg    . . .        (helmet currently unavailable)
rPois   .            h - amulet of the acrobat
rElec   .            n - ring of willpower
rCorr   .            (no ring)
SInv    .            (no ring)
Will    +....        (no ring)
Stlth   ++++++       (no ring)
HPRegen 0.31/turn    (no ring)
MPRegen 0.12/turn    (no ring)
                     (no ring)

%: acrobat
@: about to teleport, beast-form, wreathed by umbra
A: beast (slay +3), almost no armour, amphibious, 8 rings, camouflage 1,
gelatinous body 1, (nimble swimmer 1), tentacles
a: Begin Untransformation, Renounce Religion, Shadow Step


You were on level 8 of the Dungeon.
You worshipped Dithmenos.
Dithmenos was pleased with you.
You were a hulking beast.
You visited 2 branches of the dungeon, and saw 9 of its levels.

You collected 502 gold pieces.
You spent 168 gold pieces at shops.

Inventory:

Jewellery
 h - an amulet of the acrobat (around mantle)
 n - a ring of willpower (left tentacle)
Talismans
 b - a beast talisman (active)
 c - a flux talisman
Wands
 o - a wand of polymorph (8)
 p - a wand of digging (6)
 C - a wand of quicksilver (4)
Scrolls
 e - 5 scrolls of identify
 f - 2 scrolls of poison {unknown}
 g - 3 scrolls of teleportation
 l - a scroll of enchant weapon {unknown}
 r - 4 scrolls of enchant armour {unknown}
 u - 2 scrolls of immolation {unknown}
 v - 2 scrolls of torment {unknown}
 w - a scroll of vulnerability {unknown}
 y - a scroll of revelation {unknown}
 z - a scroll of fear {unknown}
 E - a scroll of fog {unknown}
Potions
 a - 4 potions of lignification
 d - 2 potions of enlightenment {unknown}
 i - 3 potions of heal wounds {unknown}
 j - a potion of might {unknown}
 k - 4 potions of attraction {unknown}
 m - 4 potions of mutation {unknown}
 q - 4 potions of curing
 s - 3 potions of degeneration {unknown}
 t - 3 potions of haste {unknown}
 x - a potion of magic {unknown}
 A - 2 potions of berserk rage {unknown}
 B - a potion of ambrosia {unknown}
 D - a potion of cancellation {unknown}


   Skills:
 + Level 6.1 Fighting
 + Level 6.3 Dodging
 + Level 8.2 Stealth
 + Level 9.1 Unarmed Combat
 * Level 6.3 Shapeshifting


You had 9 spell levels left.
You didn't know any spells.
Your spell library contained the following spells:

 Spells                   Type           Power      Damage    Failure   Level
 Necrotise                Necr           0%         1d4       30%         1
 Shock                    Conj/Air       0%         1d3       30%         1
 Slow                     Hex            0%         N/A       30%         1
 Cigotuvi's Dreadful Rot  Necr/Pois/Air  0%         N/A       43%         2
 Wereblood                Tmut           0%         N/A       43%         2
 Confusing Touch          Hex            0%         N/A       67%         3
 Ignite Poison            Fire/Tmut/Pois 0%         N/A       67%         3
 Sigil of Binding         Hex            0%         N/A       67%         3
 Swiftness                Air            0%         N/A       67%         3
 Vampiric Draining        Necr           0%         2d6       67%         3
 Airstrike                Air            0%         2d(0-16)  97%         4
 Agony                    Necr           0%         N/A       100%        5
 Freezing Cloud           Conj/Ice/Air   0%         6-21      100%        5
 Irradiate                Conj/Tmut      0%         3d11      100%        5


Dungeon Overview and Level Annotations

Branches:
Dungeon (8/15)             Temple (1/1) D:5
   Lair: D:8-11

Altars:
Ashenzari
Cheibriados
Dithmenos
Elyvilon
Fedhas
Gozag
Hepliaklqana
Kikubaaqudgha
Makhleb
Nemelex Xobeh
Okawaru
Qazlal
Sif Muna
Trog
Uskayaw
Vehumet
Wu Jian
Xom
Yredelemnul
Zin
The Shining One

Shops:
D:3 *


Innate Abilities, Weirdness & Mutations

You are a hulking beast.
Your limbs bulge with bestial killing power. (Slay +3)
You cannot wear most types of armour.
You are amphibious.
You can wear up to eight rings at the same time.
Your skin changes colour to match your surroundings (Stealth+).
Your rubbery body absorbs attacks. (AC +1, EV +1)
((You are camouflaged when in or above water. (Stealth+)))
You have tentacles for arms and can constrict up to eight enemies at once.


Message History

The bolt of dispelling energy hits the emperor scorpion!
The emperor scorpion is lightly wounded.
The bullfrog hits you!
You tentacle-slap the emperor scorpion.
Your squeeze misses the emperor scorpion.
The emperor scorpion is lightly wounded.
You tentacle-slap the emperor scorpion but do no damage.
Your squeeze misses the emperor scorpion.
The emperor scorpion is lightly wounded.
The bullfrog hits you! The emperor scorpion stings you.
You are poisoned.
The emperor scorpion poisons you! The emperor scorpion claws you!
The emperor scorpion closely misses you.
Unknown command.
As you read the scroll labelled TIMNIUPLARAJ, it crumbles to dust.
It is a scroll of identify.
g - 4 scrolls of teleportation You feel extremely sick.
The bullfrog hits you. The emperor scorpion stings you!
* * * LOW HITPOINT WARNING * * *
You are more poisoned.
The emperor scorpion poisons you!
The emperor scorpion closely misses you.
The emperor scorpion claws you.
* * * LOW HITPOINT WARNING * * *
The bullfrog misses you.
Unknown command.
You feel better. The emperor scorpion barely misses you.
The emperor scorpion claws you.
* * * LOW HITPOINT WARNING * * *
The emperor scorpion claws you!
* * * LOW HITPOINT WARNING * * *
The bullfrog hits you.
* * * LOW HITPOINT WARNING * * *
Unknown command.
As you read the scroll of teleportation, it crumbles to dust.
You feel strangely unstable. The bullfrog hits you.
* * * LOW HITPOINT WARNING * * *
The emperor scorpion stings you!
You die...

....# #.....# ###.... ....
.###..<..#####....
...##..........#..#....
...####............... ..##
#.....###.###...
#..###.....#...# ###. ..
#.##......##...# #.. ....
#..F.....###<.###....
.....#..sh.....##..#.#....
#........####.##.........
##......####..#..........
..........##..............
.....#.#....##.........####
#..................#...#
....#.#.#.#...#...###...#
#........###..##..# ....#
..#.#. #..###... ...##


You could see an emperor scorpion and a bullfrog.

Vanquished Creatures
  Joseph (D:7)
  A hornet (D:8)
  Grinder (D:5)
  5 yaks
  A wyvern (D:5)
  A water moccasin (D:7)
  4 sky beasts
  A black bear (D:7)
  An ogre (D:6)
  2 centaurs
  A phantom (D:7)
  2 kobold brigands
  3 bullfrogs
  A gnoll sergeant (D:6)
  4 scorpions
  6 wights (D:7)
  5 jellies
  2 hounds
  2 orc priests
  Crazy Yiuf (D:7)
  Jessica (D:3)
  6 iguanas
  2 sleepcaps (D:6)
  4 orc wizards
  5 gnolls
  8 adders
  An ufetubus (D:4)
  2 dart slugs
  10 orcs
  7 ball pythons
  10 endoplasms
  4 giant cockroaches
  9 goblins
  8 hobgoblins
  3 jackals (D:1)
  A quokka (D:1)
  5 bats
  3 frilled lizards
  16 kobolds
  5 rats
155 creatures vanquished.

Notes
Turn   | Place    | Note
-------+----------+-------------------------------------------
     0 | D:1      | Ordine the Octopode Shapeshifter began the quest for the
                  | Orb.
     0 | D:1      | Reached XP level 1. HP: 13/13 MP: 1/1
   123 | D:1      | Reached XP level 2. HP: 18/18 MP: 2/2
   142 | D:1      | Reached skill level 1 in Stealth
   319 | D:1      | Reached XP level 3. HP: 23/23 MP: 3/3
  1242 | D:2      | Reached XP level 4. HP: 28/28 MP: 4/4
  1538 | D:3      | Noticed Jessica
  1541 | D:3      | Killed Jessica
  1554 | D:3      | Noticed a centaur
  1567 | D:3      | Killed a centaur
  1568 | D:3      | Reached skill level 4 in Unarmed Combat
  1568 | D:3      | Reached XP level 5. HP: 10/34 MP: 5/5
  1749 | D:3      | Found Hostreyss's General Store.
  1758 | D:3      | Bought 2 potions of curing for 84 gold pieces
  2433 | D:4      | Reached XP level 6. HP: 33/41 MP: 6/6
  2714 | D:4      | Found a broken altar of Ashenzari.
  2714 | D:4      | Found an iron altar of Okawaru.
  2715 | D:4      | Found a shadowy altar of Dithmenos.
  2726 | D:4      | Found a sparkling altar of Nemelex Xobeh.
  2757 | D:4      | Became a worshipper of Dithmenos the Shadowed
  3067 | D:3      | Bought 2 potions of lignification for 84 gold pieces
  3138 | D:5      | Entered Level 5 of the Dungeon
  3389 | D:5      | Reached skill level 5 in Unarmed Combat
  3421 | D:5      | Reached XP level 7. HP: 19/45 MP: 7/7
  3563 | D:5      | Noticed Grinder
  3572 | D:5      | Killed Grinder
  3698 | D:5      | Found a staircase to the Ecumenical Temple.
  3709 | Temple   | Entered the Ecumenical Temple
  3759 | D:5      | Noticed a wyvern
  3769 | D:5      | Killed a wyvern
  3880 | D:5      | Identified the +5 long sword of Comauz {freeze, rC+}
  4088 | D:6      | Reached skill level 6 in Unarmed Combat
  4088 | D:6      | Reached XP level 8. HP: 35/53 MP: 8/8
  4221 | D:6      | Identified the +4 chain mail of Hopscotch {+Inv Str-4 SInv}
  4453 | D:6      | Reached skill level 5 in Stealth
  4589 | D:6      | Reached * piety under Dithmenos
  5405 | D:5      | Reached skill level 7 in Unarmed Combat
  5833 | D:7      | Reached skill level 5 in Shapeshifting
  5833 | D:7      | Reached XP level 9. HP: 28/59 MP: 9/9
  5838 | D:7      | Reached skill level 5 in Dodging
  6171 | D:7      | Reached skill level 5 in Fighting
  6183 | D:7      | Found a hazy altar of Hepliaklqana.
  6443 | D:7      | Reached skill level 8 in Unarmed Combat
  6581 | D:7      | Noticed Joseph
  6593 | D:7      | Killed Joseph
  6834 | D:7      | Found a runed translucent door.
  6835 | D:7      | Noticed Crazy Yiuf
  6911 | D:7      | Found a stormy altar of Qazlal.
  6911 | D:7      | Found a hide-covered altar of Uskayaw.
  6913 | D:7      | Found a glowing golden altar of the Shining One.
  6970 | D:7      | Found an opulent altar of Gozag.
  7203 | D:7      | Killed Crazy Yiuf
  7635 | D:8      | Noticed a hornet
  7651 | D:8      | Killed a hornet
  7652 | D:8      | Reached XP level 10. HP: 60/68 MP: 10/10
  7678 | D:8      | Noticed a five-headed hydra
  7834 | D:7      | Reached skill level 9 in Unarmed Combat
  7992 | D:7      | Reached ** piety under Dithmenos
  8201 | D:8      | a five-headed hydra changed into an emperor scorpion
  8201 | D:8      | Noticed an emperor scorpion
  8213 | D:8      | HP: 2/68 [bullfrog (4)]
  8213 | D:8      | Mangled by an emperor scorpion

Illustrated notes

Levels and vault maps discovered:
D:1:      dpeg_chamrin_arrival_tetris, layout_basic, minivault_14,
          minmay_pentomino_v2
D:2:      layout_rooms
D:3:      layout_loops_ring, serial_shops, shop, uniq_jessica
D:4:      layout_rooms, nicolae_overflow_quartered_altars, grunt_decor_cap
D:5:      layout_rooms, temple_green, uniq_grinder
D:6:      layout_gridville
D:7:      layout_gridville, old_standard_altar, grunt_gozag_breadcrumbs,
          nicolae_overflow_hidden_temple, enter_bailey_5,
          chequers_serial_rivers_micro_c, uniq_joseph, uniq_crazy_yiuf_cottage
D:8:      minmay_separated_statues, layout_cave_pools, lair_entry_dummy,
          chequers_serial_rivers_micro_a, hex_tiny
Temple:   chequers_temple_sunken

Skill      XL: |  1  2  3  4  5  6  7  8  9 10 |
---------------+-------------------------------+-----
Stealth        | 1 2 3 4 6 7 8 |  8.2
Fighting       | 2 3 4 5 6 |  6.1
Unarmed Combat | 4 5 6 7 8 9 |  9.1
Dodging        | 3 4 6 |  6.3
Shapeshifting  | 4 5 6 |  6.3

Action                     |  1- 3 |  4- 6 |  7- 9 | 10-12 || total
---------------------------+-------+-------+-------+-------++-------
  Melee: Unarmed           |    72 |   106 |   181 |    38 ||   397
         Constrict         |    12 |    23 |    33 |     1 ||    69
         Tentacles         |    13 |    21 |    52 |     6 ||    92
         Punch             |     2 |     2 |    14 |     5 ||    23
  Evoke: Wand              |       |       |     2 |     5 ||     7
    Use: Potion            |       |     1 |       |     1 ||     2
         Scroll            |       |       |       |     2 ||     2
   Stab: Sleeping          |    11 |     8 |    12 |       ||    31
         Distracted        |     1 |       |       |       ||     1
 Armour: Skin              |    14 |    52 |    75 |    25 ||   166
  Dodge: Dodged            |    42 |    59 |   126 |    31 ||   258

Table legend: (Time is in decaauts)
 A = Elapsed time spent in this place.
 B = Non-inter-level travel time spent in this place.
 C = Inter-level travel time spent in this place.
 D = Time resting spent in this place.
 E = Time spent auto-exploring this place.
 F = Levels seen in this place.
 G = Mean time per level.
                   A        B        C        D        E       F      G
               +--------+--------+--------+--------+--------+-----+--------+
         Total |   8182 |   7590 |    592 |    885 |   5479 |   9 |  909.1 |
       Dungeon |   8180 |   7588 |    592 |    885 |   5479 |   8 | 1022.5 |
        Temple |      1 |      1 |      0 |      0 |      0 |   1 |    1.0 |
               +--------+--------+--------+--------+--------+-----+--------+

Top non-repeatable levels by time:
     D:7: 1823 daAuts
     D:6: 1625 daAuts
     D:3: 1059 daAuts
     D:5: 970 daAuts
     D:1: 914 daAuts
     D:2: 604 daAuts
     D:4: 591 daAuts
     D:8: 591 daAuts
  Temple: 1 daAuts
